 Dungeon Crawl Stone Soup version 0.31-a0-662-g684573625c (webtiles) character file.

Game seed: 11457244815836308617

23847 Zonian the Nimble (level 13, -8/126 HPs)
             Began as a Merfolk Shapeshifter on Sept 1, 2023.
             Was an Elder of the Shining One.
             Mangled by an eight-headed hydra (11 damage)
             ... on level 4 of the Lair of Beasts.
             The game lasted 00:32:39 (18802 turns).

Zonian the Nimble (Merfolk Shapeshifter)           Turns: 18802, Time: 00:32:39

Health: -8/126     AC: 10    Str: 30    XL:     13   Next: 9%
Magic:  0/20       EV: 15    Int: 10    God:    the Shining One [****..]
Gold:   1214       SH: 10    Dex: 13    Spells: 12/12 levels left

rFire   . .          .
                       - Unarmed
rCold   . . .        (shield currently unavailable)
rNeg    + + +        f - melded +0 ring mail
rPois   .            (helmet currently unavailable)
rElec   .            (cloak currently unavailable)
rCorr   .            (gloves currently unavailable)
SInv    +            (boots currently unavailable)
Will    .....        t - amulet "Qinyugg" {Spirit SInv}
Stlth   +            C - ring of positive energy
HPRegen 0.41/turn    G - +6 ring of strength
MPRegen 0.17/turn

%: guardian spirit
@: divinely shielded, snake-form, glowing
A: constrict, boosted hp, large, (nimble swimmer 2), (mertail)
a: Begin Untransformation, Renounce Religion, Divine Shield, Cleansing Flame


You were on level 4 of the Lair of Beasts.
You worshipped the Shining One.
The Shining One was greatly pleased with you.
You were an enormous anaconda.
You visited 2 branches of the dungeon, and saw 12 of its levels.
You also visited: Sewer.

You collected 1468 gold pieces.
You spent 254 gold pieces at shops.

Inventory:

Missiles
 y - a throwing net
Armour
 f - a +0 ring mail (melded)
Jewellery
 o - an amulet of reflection
 t - the amulet "Qinyugg" (around neck) {Spirit SInv}
   (You acquired it on level 2 of the Lair of Beasts)

   [amulet of guardian spirit]

   Spirit:    It causes incoming damage to be divided between your reserves of
   health and magic.
   SInv:      It lets you see invisible.
 C - a ring of positive energy (left hand)
 G - a +6 ring of strength (right hand)
Talismans
 c - a beast talisman
 d - a flux talisman
 u - a serpent talisman (active)
 v - a blade talisman
Wands
 e - a wand of charming (22)
 p - a wand of mindburst (9)
 r - a wand of light (3)
 F - a wand of flame (19)
Scrolls
 a - a scroll of identify
 b - 2 scrolls of immolation
 g - a scroll of fog
 h - 2 scrolls of vulnerability
 m - a scroll of torment
 s - 3 scrolls of noise
 D - a scroll of revelation
Potions
 i - a potion of enlightenment
 k - a potion of lignification
 l - 5 potions of curing
 n - a potion of brilliance
 q - 2 potions of degeneration
 x - a potion of resistance
 z - a potion of berserk rage
 A - a potion of attraction
 E - 3 potions of might


   Skills:
 + Level 10.8 Fighting
 + Level 13.0 Dodging
 + Level 11.2 Unarmed Combat
 + Level 10.5 Invocations
 + Level 12.3 Shapeshifting


You had 12 spell levels left.
You didn't know any spells.
Your spell library contained the following spells:

 Spells                   Type           Power      Damage    Failure   Level
 Freeze                   Ice            0%         1d3       36%         1
 Ensorcelled Hibernation  Hex/Ice        0%         N/A       50%         2
 Passwall                 Tmut/Erth      0%         N/A       50%         2
 Frozen Ramparts          Ice            0%         1d1       75%         3
 Hailstorm                Conj/Ice       0%         3d3       75%         3
 Swiftness                Air            0%         N/A       75%         3
 Anguish                  Hex/Necr       0%         N/A       98%         4
 Cause Fear               Hex            0%         N/A       98%         4
 Fulminant Prism          Conj/Hex       0%         3d5       98%         4
 Summon Lightning Spire   Summ/Air       0%         N/A       98%         4
 Plasma Beam              Fire/Air       0%         2x1d10    100%        6
 Enfeeble                 Hex            0%         N/A       100%        7


Dungeon Overview and Level Annotations

Branches:
Dungeon (8/15)             Temple (0/1) D:5            Lair (4/5) D:8
  Swamp (0/4) Lair:2       Spider (0/4) Lair:3        Sewer (visited)
  Slime: Lair:4-5

Altars:
Ashenzari
The Shining One

Shops:
D:1 *   D:4 (   D:5 !   D:7 !

Annotations:
D:4 4 runed translucent doors, Crazy Yiuf; Joey1's ghost, weakling MeFi
D:7 exclusion: oklob plant
D:8 2 transporters, 3 runed translucent doors


Innate Abilities, Weirdness & Mutations

You are an enormous anaconda.
You have a powerful constriction melee attack.
Your maximum health is increased.
Your armour is entirely melded.
You are incapable of wielding weapons or throwing items.
((You are very nimble when in or above water. (Stealth+, EV+, Speed+++)))
((Your lower body shifts to a powerful aquatic tail in water.))


Message History

The eight-headed hydra bites you. x2
You block the eight-headed hydra's attack.
The eight-headed hydra bites you. The eight-headed hydra misses you.
The eight-headed hydra bites you but does no damage.
You lash the eight-headed hydra!
The eight-headed hydra is moderately wounded.
The eight-headed hydra misses you.
The eight-headed hydra bites you but does no damage.
You block the eight-headed hydra's attack. x2
The eight-headed hydra barely misses you. x2
The eight-headed hydra bites you!
The eight-headed hydra bites you but does no damage.
You lash the eight-headed hydra!
The eight-headed hydra is moderately wounded.
The eight-headed hydra bites you.
You block the eight-headed hydra's attack.
The eight-headed hydra bites you. The eight-headed hydra bites you!
The eight-headed hydra bites you but does no damage.
The eight-headed hydra bites you!
* * * LOW HITPOINT WARNING * * *
The eight-headed hydra bites you but does no damage.
You block the eight-headed hydra's attack.
Aiming: Bolt of Light
Press: ? - help, Shift-Dir - straight line, f - eight-headed hydra
Aim: an eight-headed hydra (moderately wounded, haloed, 93% to hit)
The bolt of light hits the eight-headed hydra!
The eight-headed hydra is heavily wounded.
The eight-headed hydra is blinded.
You hear a bellow! x4
You block the eight-headed hydra's attack.
The eight-headed hydra bites you but does no damage.
The eight-headed hydra bites you!
* * * LOW HITPOINT WARNING * * *
The eight-headed hydra bites you!
* * * LOW HITPOINT WARNING * * *
The eight-headed hydra bites you but does no damage.
The eight-headed hydra bites you!
* * * LOW HITPOINT WARNING * * *
The eight-headed hydra bites you!
You die...

# ###
#.#.###S#
#+#.
#...YD##
..⌠.#
#..#..Y#
#....#
###Y#
......#
##.
...Y.##
Y. YY..##
..#
#...##
..#
#YY.###
###
##Y.#.#


You could see an eight-headed hydra (blind) and 3 yaks.

Vanquished Creatures
  Gastronok (Lair:3)
  A hydra (Lair:2)
  A two-headed ogre (D:8)
  A pharaoh ant (Lair:3)
  2 skysharks (Lair:3)
  2 bog bodies (Lair:2)
  An ugly thing (D:8)
  9 elephants (Lair:3)
  Maurice (D:8)
  A black mamba (Lair:3)
  Joseph (D:7)
  4 cane toads
  6 komodo dragons
  A polar bear (Lair:1)
  A tarantella (Lair:3)
  7 blink frogs
  A jumping spider (Lair:3)
  A wraith (D:5)
  A wyvern (Lair:4)
  28 yaks
  A basilisk (Lair:2)
  A steam dragon (Lair:3)
  A redback (Lair:3)
  2 swamp worms (Lair:2)
  6 water moccasins
  2 ogres
  17 wolves
  3 centaurs
  9 bullfrogs
  3 scorpions
  14 wights
  2 vampire bats (D:4)
  3 howler monkeys (D:8)
  An electric eel (Lair:2)
  11 jellies
  2 orc priests
  A gnoll bouda (D:7)
  Ijyb (D:3)
  5 orc wizards
  Natasha (D:3)
  5 iguanas
  Robin (D:2)
  3 gnolls
  18 adders
  2 river rats (D:4)
  A shadow imp (D:6)
  A white imp (D:7)
  An ufetubus (D:6)
  5 worms
  4 dart slugs
  34 orcs
  8 ball pythons
  18 endoplasms
  15 giant cockroaches
  11 goblins
  9 hobgoblins
  8 jackals
  6 quokkas
  10 bats
  6 frilled lizards
  4 kobolds
  3 rats
330 creatures vanquished.

Notes
Turn   | Place    | Note
-------+----------+-------------------------------------------
     0 | D:1      | Zonian the Merfolk Shapeshifter began the quest for the
                  | Orb.
     0 | D:1      | Reached XP level 1. HP: 15/15 MP: 1/1
    98 | D:1      | Reached XP level 2. HP: 19/21 MP: 2/2
   169 | D:1      | Reached skill level 3 in Dodging
   794 | D:1      | Found Zouxkifa's General Store.
   879 | D:1      | Reached XP level 3. HP: 25/27 MP: 3/3
  1063 | D:1      | Found a faded altar of an unknown god.
  1091 | D:1      | Prayed at the altar of an unknown god.
  1091 | D:1      | Became a worshipper of the Shining One
  1091 | D:1      | Reached * piety under the Shining One
  1823 | D:2      | Reached XP level 4. HP: 33/33 MP: 4/4
  1912 | D:2      | Reached skill level 1 in Invocations
  2067 | D:2      | Noticed Robin
  2080 | D:2      | Killed Robin
  2696 | D:3      | Noticed Natasha
  2705 | D:3      | Killed Natasha
  2706 | D:3      | Reached skill level 4 in Dodging
  2706 | D:3      | Reached XP level 5. HP: 39/39 MP: 4/6
  2916 | D:3      | Reached skill level 5 in Shapeshifting
  3032 | D:3      | Reached XP level 6. HP: 35/46 MP: 7/7
  3050 | D:3      | Noticed Ijyb
  3105 | D:3      | Killed Ijyb
  3117 | D:3      | Found a broken altar of Ashenzari.
  3349 | D:4      | Found a glowing drain.
  3370 | Sewer    | Entered a sewer
  3606 | Sewer    | Reached ** piety under the Shining One
  3618 | Sewer    | Reached skill level 5 in Dodging
  3618 | Sewer    | Reached XP level 7. HP: 28/52 MP: 7/9
  4026 | D:4      | Found a runed translucent door.
  4027 | D:4      | Noticed Crazy Yiuf
  4294 | D:4      | Reached skill level 5 in Unarmed Combat
  4611 | D:4      | Found a runed translucent gate.
  4611 | D:4      | Found a runed translucent gate.
  4611 | D:4      | Found a runed translucent gate.
  4612 | D:4      | Noticed Joey1's ghost (weakling MeFi)
  4858 | D:4      | Found Ylovocwonoe's Weapon Shop.
  5004 | D:5      | Entered Level 5 of the Dungeon
  5005 | D:5      | Noticed a wraith
  5030 | D:5      | Killed a wraith
  5031 | D:5      | Reached skill level 6 in Dodging
  5031 | D:5      | Reached XP level 8. HP: 26/61 MP: 10/10
  5338 | D:5      | Found a staircase to the Ecumenical Temple.
  5683 | D:5      | Found Esee's Distillery.
  5691 | D:5      | Bought a potion of curing for 42 gold pieces
  5691 | D:5      | Bought a potion of heal wounds for 70 gold pieces
  5691 | D:5      | Bought a potion of curing for 42 gold pieces
  6679 | D:6      | Reached skill level 5 in Fighting
  7126 | D:6      | Reached skill level 7 in Dodging
  7540 | D:7      | Reached *** piety under the Shining One
  7663 | D:7      | Reached XP level 9. HP: 64/68 MP: 12/12
  7996 | D:7      | Reached skill level 5 in Invocations
  8285 | D:7      | Noticed Joseph
  8314 | D:7      | Killed Joseph
  8984 | D:7      | Reached skill level 8 in Dodging
  9000 | D:7      | Got the Compilation of Energetic Weather
  9130 | D:7      | Found Liudioxurgh's Distillery.
  9139 | D:7      | Bought a potion of heal wounds for 50 gold pieces
  9139 | D:7      | Bought a potion of berserk rage for 50 gold pieces
  9525 | D:7      | Noticed an oklob plant
  9979 | D:8      | Reached XP level 10. HP: 74/77 MP: 10/14
 10009 | D:8      | Reached skill level 9 in Dodging
 10132 | D:8      | Reached **** piety under the Shining One
 10310 | D:8      | Noticed a kobold demonologist
 10311 | D:8      | Found a transporter.
 10336 | D:8      | Found a transporter.
 10353 | D:8      | Noticed a red ugly thing
 10360 | D:8      | Killed a red ugly thing
 10835 | D:8      | Noticed a two-headed ogre
 10843 | D:8      | Killed a two-headed ogre
 11036 | D:8      | Found a staircase to the Lair.
 11216 | D:8      | Found a runed translucent gate.
 11216 | D:8      | Found a runed translucent gate.
 11216 | D:8      | Found a runed translucent gate.
 11217 | D:8      | Noticed a brown ugly thing
 11218 | D:8      | Noticed a white ugly thing
 11218 | D:8      | Noticed a white ugly thing
 11218 | D:8      | Noticed a red ugly thing
 11219 | D:8      | Noticed a white ugly thing
 11220 | D:8      | Noticed a glowing orange brain
 11244 | D:8      | Noticed Maurice
 11252 | D:8      | Killed Maurice
 11399 | Lair:1   | Entered Level 1 of the Lair of Beasts
 12259 | Lair:1   | Reached skill level 10 in Dodging
 12313 | Lair:1   | Reached XP level 11. HP: 51/86 MP: 13/16
 13197 | Lair:1   | Reached skill level 10 in Shapeshifting
 14330 | Lair:2   | Noticed a four-headed hydra
 14335 | Lair:2   | Killed a four-headed hydra
 14408 | Lair:2   | Reached skill level 11 in Dodging
 15161 | Lair:2   | Noticed a bog body
 15161 | Lair:2   | Found a staircase to the Swamp.
 15164 | Lair:2   | Noticed a bog body
 15190 | Lair:2   | Killed a bog body
 15192 | Lair:2   | Killed a bog body
 15193 | Lair:2   | Reached skill level 10 in Unarmed Combat
 15193 | Lair:2   | Reached XP level 12. HP: 25/96 MP: 18/18
 15636 | Lair:2   | Identified 2 scrolls of acquirement
 15645 | Lair:2   | Acquired the amulet "Qinyugg" {Spirit SInv}
 15647 | Lair:2   | Acquired 973 gold pieces
 16133 | Lair:3   | Noticed a skyshark
 16141 | Lair:3   | Killed a skyshark
 16324 | Lair:3   | Reached skill level 12 in Dodging
 16453 | Lair:3   | Reached skill level 10 in Fighting
 16512 | Lair:3   | Noticed a skyshark
 16845 | Lair:3   | Killed a skyshark
 16846 | Lair:3   | Reached skill level 10 in Invocations
 17149 | Lair:3   | Noticed Gastronok
 17469 | Lair:3   | Killed Gastronok
 17667 | Lair:3   | Found a hole to the Spider Nest.
 18236 | Lair:3   | Reached XP level 13. HP: 104/104 MP: 20/20
 18470 | Lair:3   | Reached skill level 13 in Dodging
 18802 | Lair:4   | HP: 3/126 [eight-headed hydra (12)]
 18802 | Lair:4   | Mangled by an eight-headed hydra

Illustrated notes

Levels and vault maps discovered:
D:1:      scummos_arrival_checkerplants, layout_loops_ring,
          hellmonk_ecumenical_altar_defaced_shrine, serial_shops, shop,
          chequers_big_river, minmay_hexomino_f4
D:2:      layout_loops_cross, uniq_robin
D:3:      layout_loops_ring, nicolae_ashenzari_skybound, st_stairs_2,
          chequers_serial_rivers_large_b, minmay_misc_feat_ornament,
          serial_bayou_crossing, uniq_natasha, uniq_ijyb
D:4:      layout_loops_ring, serial_shops, nicolae_shop_bloodbath_and_beyond,
          gammafunk_ghost_necromancy, portal_sewer_entry_a, roderic_batcave,
          skrybe_limestone_x, uniq_crazy_yiuf_cottage
D:5:      layout_basic, temple_green, serial_shops, nicolae_shop_crystal,
          saegor_snake_ambush
D:6:      layout_basic, minmay_liquid_box, minmay_misc_feat_pillars
D:7:      lemuel_slime, layout_basic, serial_shops, shop, interstate_on_off,
          uniq_joseph
D:8:      gammafunk_wand_slinger, layout_loops_ring, lair_entry_dummy,
          ploomutoo_gammafunk_ghost_potion_laboratory, minivault_25,
          uniq_maurice
Lair:1:   layout_layer_cave
Lair:2:   layout_roguey, nicolae_swamp_entry_splash_gauntlet, lemuel_fruit_tree
Lair:3:   layout_cave_pods, nicolae_spider_entry_lesser_pyramids, uniq_gastronok
Lair:4:   layout_loops_ring, grunt_megastairs_5

Skill      XL: |  1  2  3  4  5  6  7  8  9 10 11 12 13 |
---------------+----------------------------------------+-----
Dodging        | 3 4 5 6 7 8 10 11 12 13 | 13.0
Fighting       | 2 3 4 5 6 8 9 10 | 10.8
Invocations    | 1 2 3 4 6 7 9 10 | 10.5
Unarmed Combat | 4 5 6 7 8 10 11 | 11.2
Shapeshifting  | 5 6 7 8 9 11 12 | 12.3

Action                     |  1- 3 |  4- 6 |  7- 9 | 10-12 | 13-15 || total
---------------------------+-------+-------+-------+-------+-------++-------
  Melee: Unarmed           |    81 |   164 |   350 |   361 |    19 ||   975
         Punch             |     2 |     5 |    21 |     6 |       ||    34
         Tailslap          |     1 |     7 |       |       |       ||     8
         Constrict         |       |       |       |    56 |     1 ||    57
 Invoke: Divine Shield     |       |       |     3 |     5 |     1 ||     9
Ability: Begin Untransform |       |       |       |     1 |       ||     1
  Evoke: Wand              |       |       |     2 |     9 |     1 ||    12
    Use: Potion            |     1 |       |     4 |     6 |       ||    11
         Scroll            |       |     5 |    13 |     8 |       ||    26
   Stab: Distracted        |     1 |       |       |       |       ||     1
 Armour: Animal skin       |     8 |       |       |       |       ||     8
         Ring mail         |    27 |    57 |   158 |    51 |       ||   293
         Skin              |     6 |       |       |   131 |    43 ||   180
  Dodge: Dodged            |    39 |    86 |   163 |   187 |    27 ||   502
  Block: Other             |       |    15 |    75 |    82 |    10 ||   182
         Reflection        |       |       |     4 |       |       ||     4
   Form: Anaconda          |       |       |       |     1 |       ||     1

Table legend: (Time is in decaauts)
 A = Elapsed time spent in this place.
 B = Non-inter-level travel time spent in this place.
 C = Inter-level travel time spent in this place.
 D = Time resting spent in this place.
 E = Time spent auto-exploring this place.
 F = Levels seen in this place.
 G = Mean time per level.
                   A        B        C        D        E       F      G
               +--------+--------+--------+--------+--------+-----+--------+
         Total |  18672 |  18193 |    479 |   7948 |   7716 |  13 | 1436.3 |
       Dungeon |  11141 |  10887 |    254 |   4405 |   4828 |   8 | 1392.6 |
          Lair |   6962 |   6737 |    225 |   3176 |   2821 |   4 | 1740.5 |
         Sewer |    568 |    568 |      0 |    367 |     66 |   1 |  568.0 |
               +--------+--------+--------+--------+--------+-----+--------+

Top non-repeatable levels by time:
  Lair:1: 2511 daAuts
  Lair:2: 2220 daAuts
  Lair:3: 2189 daAuts
     D:8: 1914 daAuts
     D:7: 1906 daAuts
     D:6: 1627 daAuts
     D:2: 1296 daAuts
     D:4: 1279 daAuts
     D:5: 1123 daAuts
     D:1: 1121 daAuts
     D:3: 873 daAuts
   Sewer: 568 daAuts
  Lair:4: 41 daAuts
